 Dungeon Crawl Stone Soup version 0.17-a0-1468-gbf503c2 (webtiles) character file.

7245 Fizybubbleh the Destroyer (level 10, 0/69 HPs)
             Began as a Green Draconian Conjurer on June 30, 2015.
             Was a Priest of Vehumet.
             Slain by a seven-headed hydra (13 damage)
             ... on level 1 of the Lair of Beasts on July 1, 2015.
             The game lasted 01:04:33 (16343 turns).

Fizybubbleh the Destroyer (DrCj)                   Turns: 16343, Time: 01:04:34

Health: 0/69       AC: 12    Str: 16    XL:     10   Next: 88%
Magic:  10/21      EV: 12    Int: 18    God:    Vehumet [***...]
Gold:   402        SH:  0    Dex: 12    Spells: 6 memorised, 8 levels left

rFire  x . .     SeeInvis .     t - +2 dagger (elec)
rCold  + . .     Clarity  .     (armour unavailable)
rNeg   . . .     SustAt   .     (no shield)
rPois  +         Gourm    .     k - +1 hat
rElec  .         Spirit   .     h - +2 cloak
rCorr  .         Warding  .     Q - +0 pair of gloves
rMut   .         Stasis   .     (no boots)
MR     +....                    (no amulet)
Stlth  ++........               P - ring of protection from magic
                                I - ring of ice

@: mighty, somewhat resistant to hostile enchantments, unstealthy
A: breathe noxious fumes, unfitting armour, poison resistance, cold-blooded, AC
+7
a: Breathe Noxious Fumes, Renounce Religion


You were on level 1 of the Lair of Beasts.
You worshipped Vehumet.
Vehumet was most pleased with you.
You were not hungry.

You visited 3 branches of the dungeon, and saw 12 of its levels.
You also visited: Ossuary.

You collected 624 gold pieces.
You spent 222 gold pieces at shops.

Inventory:

Hand weapons
 l - a +0 blowgun
 t - a +2 dagger of electrocution (weapon)
Missiles
 i - 344 stones (quivered)
 A - 29 poisoned needles
 D - 3 needles of sleeping
Armour
 h - a +2 cloak (worn)
 k - a +1 hat (worn)
 Q - a +0 pair of gloves (worn)
Magical staves
 O - an uncursed staff of poison
Jewellery
 I - a ring of ice (left hand)
 P - a ring of protection from magic (right hand)
Magical devices
 x - a wand of teleportation (0)
 W - a wand of draining (6)
Scrolls
 g - 4 scrolls of teleportation
 m - 7 scrolls of remove curse
 n - 2 scrolls of enchant weapon {unknown}
 p - 2 scrolls of enchant armour {unknown}
 q - a scroll of amnesia {unknown}
 s - a scroll of random uselessness {unknown}
 y - 2 scrolls of fear
 E - 2 scrolls of immolation {unknown}
 U - 3 scrolls of blinking
 Y - a scroll of summoning {unknown}
Potions
 e - 4 potions of invisibility
 f - 2 potions of magic {unknown}
 r - a potion of resistance
 v - 7 potions of agility
 z - 4 potions of might
 B - 2 potions of ambrosia
 H - a potion of flight
 J - a potion of brilliance
 R - 2 potions of cancellation
 S - a potion of beneficial mutation {unknown}
 T - 2 potions of curing
 Z - a potion of heal wounds
Books
 a - a book of Conjurations

   Spells                             Type                      Level
   a - Magic Dart                     Conjuration                  1
   b - Searing Ray                    Conjuration                  2
   c - Dazzling Spray                 Conjuration/Hexes            3
   d - Fulminant Prism                Conjuration/Hexes            4
   e - Iskenderun's Mystic Blast      Conjuration                  4
   f - Iskenderun's Battlesphere      Conjuration/Charms           5
 F - a Grand Grimoire

   Spells                             Type                      Level
   a - Monstrous Menagerie            Summoning                    6
   b - Summon Greater Demon           Summoning                    7
   c - Malign Gateway                 Summoning/Translocation      7
   d - Summon Horrible Things         Summoning                    8
 X - a book of Spatial Translocations

   Spells                             Type                      Level
   a - Apportation                    Translocation                1
   b - Blink                          Translocation                2
   c - Shroud of Golubria             Charms/Translocation         2
   d - Portal Projectile              Translocation                3
   e - Teleport Other                 Translocation                3
   f - Passage of Golubria            Translocation                4
Comestibles
 b - 2 bread rations
 o - 4 meat rations
 C - a royal jelly
 K - 28 fruits
 L - 2 beef jerkies


   Skills:
 - Level 0.2 Fighting
 - Level 1.9 Dodging
 - Level 1.8 Stealth
 + Level 7.6 Spellcasting
 - Level 14.1 Conjurations
 - Level 3.1 Charms


You had 8 spell levels left.
You knew the following spells:

 Your Spells              Type           Power        Failure   Level  Hunger
a - Magic Dart            Conj           ####         1%          1    None
b - Searing Ray           Conj           ######       1%          2    None
c - Iskenderun's Mystic   Conj           ######..     1%          4    ###....
d - Iskenderun's Battles  Conj/Chrm      #####...     2%          5    #####..
e - Throw Frost           Conj/Ice       #####.       1%          2    None
f - Throw Flame           Conj/Fire      ###...       1%          2    None


Dungeon Overview and Level Annotations

Branches:
Dungeon (10/15)            Temple (1/1) D:6            Lair (1/8) D:9
    Orc: D:9-12

Altars:
Ashenzari
Cheibriados
Dithmenos
Elyvilon
Fedhas
Gozag
Kikubaaqudgha
Makhleb
Nemelex Xobeh
Okawaru
Qazlal
Ru
Sif Muna
Trog
Vehumet
Xom
Yredelemnul
Zin
The Shining One

Shops:
D:5 !   D:7 *

Annotations:
D:8 Gastronok
D:10 Snorg
Lair:1 MordorOrchid's ghost, powerful TrBe


Innate Abilities, Weirdness & Mutations

You can breathe blasts of noxious fumes.
Your lurid green scales are hard (AC +7).
Your body does not fit into most forms of armour.
Your system is resistant to poisons.
You are cold-blooded and may be slowed by cold attacks.


Message History

You take 18 damage, and have 31/69 hp.
MASSIVE DAMAGE!!
Okay, then.
Drink which item? (? for menu, Esc to quit)
You feel much better.
The seven-headed hydra barely misses you.
The seven-headed hydra bites you.
The seven-headed hydra barely misses you.
The seven-headed hydra bites you.
The seven-headed hydra closely misses you.
The seven-headed hydra bites you.
The seven-headed hydra barely misses you.
You regained 4 hp, and now have 35/69 hp.
The seven-headed hydra bites you but does no damage.
The seven-headed hydra closely misses you.
The seven-headed hydra bites you. x2
The seven-headed hydra bites you!
* * * LOW HITPOINT WARNING * * *
The seven-headed hydra misses you. The seven-headed hydra bites you!
You die...

######
##############.##.######
........W..............#
.......###.#####.......#
..<.....# #.......#
.......## ##.......#
#.......#######P.......#
#...............@......#
#..............D.####..#
#................# ..#
#...###..##..##.## .#
..............#.# .#
................# ...
#W............#.# ..#
###..###.#.##+#.# #..#
#.............#####..#


You could see a seven-headed hydra.

Vanquished Creatures
  A spiny frog (Lair:1)
  A komodo dragon (Lair:1)
  Grinder (D:6)
  A trapdoor spider zombie (D:7)
  3 hippogriffs
  A basilisk (Lair:1)
  4 yaks (D:5)
  2 hungry ghosts
  4 wolves (Lair:1)
  2 water moccasins
  2 porcupines (Lair:1)
  An orc warrior (D:8)
  2 eyes of draining (D:9)
  A sky beast (D:7)
  2 ice beasts
  A wasp (D:8)
  2 crocodiles (Lair:1)
  A necrophage (D:9)
  A phantom (D:5)
  7 ogres
  A big kobold (D:9)
  4 centaurs
  A gnoll sergeant (D:7)
  5 giant frogs
  5 wights
  A hound (D:7)
  6 iguanas
  4 jellies
  3 crimson imps
  5 orc wizards
  Crazy Yiuf (D:2)
  A giant frog skeleton (D:5)
  2 orc priests (D:4)
  2 centaur skeletons
  3 worker ants
  Jessica (D:3)
  3 big kobold zombies (Ossuary)
  3 hound zombies (Ossuary)
  3 hound skeletons
  4 mummies (Ossuary)
  A worker ant zombie (D:8)
  10 adders
  14 gnolls
  13 river rats
  2 shadow imps (D:6)
  An ooze (D:5)
  2 adder zombies (Ossuary)
  5 worms
  3 giant geckos
  24 orcs
  2 bat skeletons
  A bat zombie (D:6)
  8 giant cockroaches
  A gnoll zombie (Ossuary)
  14 goblins
  17 hobgoblins
  7 jackals
  13 kobolds
  4 quokkas
  3 ball pythons
  18 bats
  A giant gecko skeleton (D:2)
  A giant gecko zombie (D:8)
  7 giant newts
  A goblin zombie (D:8)
  2 jackal zombies
  An orc zombie (Ossuary)
  2 quokka zombies
  12 rats
  A rat zombie (Ossuary)
289 creatures vanquished.

Vanquished Creatures (others)
  10 fungi (Lair:1)
  5 plants (Lair:1)
15 creatures vanquished.

Grand Total: 304 creatures vanquished

Notes
Turn   | Place    | Note
--------------------------------------------------------------
     0 | D:1      | Fizybubbleh the Draconian Conjurer began the quest for the Orb.
     0 | D:1      | Reached XP level 1. HP: 14/14 MP: 3/3
   496 | D:1      | Reached XP level 2. HP: 18/20 MP: 0/5
  1287 | D:2      | Reached XP level 3. HP: 26/26 MP: 1/6
  1291 | D:2      | Learned a level 2 spell: Searing Ray
  1598 | D:2      | Reached skill level 5 in Conjurations
  1888 | D:2      | Noticed Crazy Yiuf
  1932 | D:2      | Killed Crazy Yiuf
  1932 | D:2      | Reached XP level 4. HP: 6/33 MP: 0/7
  2669 | D:3      | Learned a level 4 spell: Iskenderun's Mystic Blast
  3032 | D:3      | Reached skill level 6 in Conjurations
  3167 | D:3      | Noticed Jessica
  3177 | D:3      | Killed Jessica
  3177 | D:3      | Reached XP level 5. HP: 34/38 MP: 3/8
  3540 | D:3      | Noticed a centaur
  3982 | D:3      | Killed a centaur
  3982 | D:3      | Reached skill level 7 in Conjurations
  3982 | D:3      | Reached XP level 6. HP: 45/45 MP: 9/9
  4059 | D:3      | Found an ancient bone altar of Kikubaaqudgha.
  4059 | D:3      | Found a blossoming altar of Fedhas.
  5414 | D:4      | Reached skill level 8 in Conjurations
  5506 | D:4      | Your scales start taking on a lurid green colour.
  5506 | D:4      | Gained mutation: Your system is resistant to poisons. [Green Draconian growth]
  5506 | D:4      | Reached XP level 7. HP: 41/50 MP: 0/10
  6066 | D:5      | Entered Level 5 of the Dungeon
  6565 | D:5      | Noticed a yak
  6589 | D:5      | Noticed a yak
  6956 | D:5      | Found Heoguide's Distillery.
  6964 | D:5      | Bought a potion of flight for 36 gold pieces
  6964 | D:5      | Bought a potion of ambrosia for 96 gold pieces
  6964 | D:5      | Bought a potion of mutation for 30 gold pieces
  6964 | D:5      | Bought a potion of brilliance for 48 gold pieces
  6964 | D:5      | Bought a potion of poison for 12 gold pieces
  7089 | D:5      | Noticed a yak
  7108 | D:5      | Killed a yak
  7108 | D:5      | Reached skill level 5 in Spellcasting
  7108 | D:5      | Reached XP level 8. HP: 42/57 MP: 3/16
  7196 | D:5      | Noticed a yak
  7262 | D:5      | Killed a yak
  7270 | D:5      | Killed a yak
  7404 | D:5      | Killed a yak
  7444 | D:5      | Found a glowing silver altar of Zin.
  8249 | D:6      | Found a staircase to the Ecumenical Temple.
  8263 | Temple   | Entered the Ecumenical Temple
  8285 | Temple   | Became a worshipper of Vehumet
  8378 | D:6      | Reached skill level 9 in Conjurations
  9079 | D:6      | Reached XP level 9. HP: 62/62 MP: 8/19
  9194 | D:6      | Noticed Grinder
  9240 | D:6      | Killed Grinder
  9240 | D:6      | Reached skill level 10 in Conjurations
  9368 | D:6      | Acquired Vehumet's first power
  9368 | D:6      | Offered knowledge of Sting by Vehumet.
  9684 | D:7      | Learned a level 5 spell: Iskenderun's Battlesphere
  9724 | D:7      | Found Imocu Sud's Assorted Antiques.
 10126 | D:7      | Reached skill level 11 in Conjurations
 10726 | D:7      | Paralysed by a gnoll sergeant for 5 turns
 11094 | D:7      | Reached skill level 12 in Conjurations
 11098 | D:7      | Upgraded the game from 0.17-a0-1450-g7e755d1 to 0.17-a0-1468-gbf503c2
 11460 | D:8      | Found a sand-covered staircase.
 11486 | Ossuary  | Entered an ossuary
 11520 | Ossuary  | Offered knowledge of Throw Frost by Vehumet.
 11855 | D:8      | Learned a level 2 spell: Throw Frost
 12388 | D:8      | Reached XP level 10. HP: 67/69 MP: 9/20
 12678 | D:8      | Noticed Gastronok
 13139 | D:8      | Offered knowledge of Throw Flame by Vehumet.
 13143 | D:8      | Learned a level 2 spell: Throw Flame
 13263 | D:9      | Reached skill level 13 in Conjurations
 13301 | D:9      | Found a staircase to the Lair.
 13312 | Lair:1   | Entered Level 1 of the Lair of Beasts
 13318 | D:9      | Found a bloodstained altar of Trog.
 14262 | D:10     | Entered Level 10 of the Dungeon
 14262 | D:10     | Noticed Snorg
 14588 | Lair:1   | Reached skill level 1 in Charms
 14637 | Lair:1   | Acquired Vehumet's second power
 15337 | Lair:1   | Noticed MordorOrchid's ghost (powerful TrBe)
 15394 | Lair:1   | Reached skill level 14 in Conjurations
 15599 | Lair:1   | Offered knowledge of Stone Arrow by Vehumet.
 15686 | Lair:1   | Found an opulent altar of Gozag.
 16336 | Lair:1   | Noticed a seven-headed hydra
 16343 | Lair:1   | Slain by a seven-headed hydra

Vault maps used:
D:1:      dpeg_arrival_simpleton_c, hangedman_feature_mirror, solitary_fountain
D:2:      uniq_crazy_yiuf_cottage
D:3:      grunt_temple_overflow_growth_and_decay, small_statue_alley_b,
          bh_walls_and_bars, uniq_jessica
D:4:      kennysheep_big_flooded_room, first_bread, kennysheep_potato
D:5:      overflow_temple_1_default, serial_shops, shop_statue,
          minmay_misc_feat_nine_boxes, kennysheep_generic_room_16
D:6:      temple_pool_b, uniq_grinder
D:7:      serial_shops, nicolae_shop_overgrown_old_shop
D:8:      enter_ossuary_4, uniq_gastronok
D:9:      lair_0_dummy, blue_anna_alchemist, bloody_trog
D:10:     basic_altar, serial_shops, shop, uniq_snorg
Temple:   nicolae_temple_x_marks_the_god_16
Lair:1:   basic_altar
Ossuary:  ossuary_minmay_tomb_2a

Action                   |  1- 3 |  4- 6 |  7- 9 | 10-12 || total
-------------------------+-------+-------+-------+-------++-------
Melee: Club              |     7 |       |       |       ||     7
       Spear             |    11 |    37 |       |       ||    48
       Dagger            |       |    15 |    36 |    44 ||    95
Throw: Stone             |       |       |     3 |       ||     3
 Cast: Magic Dart        |    83 |   159 |   386 |   208 ||   836
       Searing Ray       |     1 |     1 |     2 |     2 ||     6
       Iskenderun's Myst |       |       |    36 |     7 ||    43
       Throw Frost       |       |       |     4 |    95 ||    99
       Throw Flame       |       |       |       |     8 ||     8
       Iskenderun's Batt |       |       |       |     1 ||     1
 Abil: Breathe Noxious F |       |       |    10 |     4 ||    14
Evoke: Wand              |       |       |     7 |     3 ||    10
  Use: Potion            |     1 |     1 |     1 |     3 ||     6
       Scroll            |       |     8 |     6 |     1 ||    15
 Stab: Invisible         |     1 |       |       |       ||     1
       Sleeping          |       |     2 |       |       ||     2
  Eat: Chunk             |     4 |    14 |    18 |     4 ||    40
       Bread ration      |       |       |     2 |     1 ||     3
       Beef jerky        |       |       |     1 |       ||     1
       Meat ration       |       |       |       |     1 ||     1
